 Dungeon Crawl Stone Soup version 0.28-a0-258-g8de209e91f (webtiles) character file.

Game seed: 17277766671069543915

201 aSlayers the Skirmisher (level 5, -1/46 HPs)
             Began as a Draconian Abyssal Knight on Aug 26, 2021.
             Was a Believer of Lugonu.
             Succumbed to a scorpion's poison
             ... on level 7 of the Dungeon.
             The game lasted 00:08:21 (2698 turns).

aSlayers the Skirmisher (Draconian Abyssal Knight)  Turns: 2698, Time: 00:08:21

Health: -1/46      AC:  5    Str: 16    XL:     5   Next: 50%
Magic:  6/6        EV: 12    Int: 12    God:    Lugonu [**....]
Gold:   109        SH:  0    Dex: 10    Spells: 4/4 levels left

rFire   . . .      SeeInvis .   a - +2 falchion (spect)
rCold   . . .      Faith    .   (no shield)
rNeg    . . .      Spirit   .   (armour unavailable)
rPois   .          Reflect  .   (helmet restricted)
rElec   .          Harm     .   (no cloak)
rCorr   .          Rampage  .   (no gloves)
Will    .....                   (no boots)
Stlth   ++........              f - amulet of regeneration
HPRegen 1.15/turn               (no ring)
MPRegen 0.10/turn               (no ring)

@: lethally poisoned (-1 -> -6), about to teleport
A: AC +5, unfitting armour, cold-blooded
a: Renounce Religion, Depart the Abyss, Bend Space


You were on level 7 of the Dungeon.
You worshipped Lugonu.
Lugonu was pleased with you.
You visited 1 branch of the dungeon, and saw 5 of its levels.
You visited the Abyss 1 time.

You collected 109 gold pieces.

Inventory:

Hand Weapons
 a - a +2 spectral falchion (weapon)
Jewellery
 f - an amulet of regeneration (around neck)
Wands
 k - a wand of paralysis (11)
Scrolls
 e - a scroll of noise
Potions
 b - a potion of might {unknown}
 d - a potion of invisibility {unknown}
 g - a potion of lignification {unknown}
 h - a potion of mutation {unknown}
 i - a potion of flight {unknown}
 m - 2 potions of heal wounds {unknown}
 o - a potion of degeneration {unknown}


   Skills:
 + Level 4.1 Fighting
 + Level 4.1 Long Blades
 + Level 3.1 Dodging
 + Level 1.5 Stealth
 + Level 2.0 Invocations


You had 4 spell levels left.
You didn't know any spells.
Your spell library was empty.

Dungeon Overview and Level Annotations

Branches:
Dungeon (4/15)
 Temple: D:4-7

Altars:

Shops:
D:2 [   D:4 (


Innate Abilities, Weirdness & Mutations

Your plain brown scales are hard. (AC +5)
You cannot fit into any form of body armour.
You are cold-blooded and may be slowed by cold attacks.


Message History

The killer bee poisons you! The killer bee stings you.
The killer bee closely misses you.
You riposte.
You miss the killer bee.
Your +2 spectral falchion hits the killer bee!
The scorpion misses you.
The killer bee stings you but does no damage.
The killer bee barely misses you.
You riposte.
You miss the killer bee.
Your tail-slap misses the killer bee.
The killer bee stings you but does no damage.
You hit the killer bee.
The killer bee is moderately wounded.
You feel sick.
The killer bee stings you but does no damage.
The killer bee closely misses you.
You riposte.
You miss the killer bee.
The killer bee is moderately wounded.
The killer bee misses you. The scorpion closely misses you.
The killer bee barely misses you.
You riposte.
You barely miss the killer bee. The killer bee closely misses you.
The killer bee barely misses you.
You riposte.
You barely miss the killer bee.
The killer bee is heavily wounded.
As you read the scroll of teleportation, it crumbles to dust.
You feel strangely unstable.
You feel sick.
Your +2 spectral falchion fades away.
The killer bee stings you but does no damage.
The killer bee barely misses you.
You riposte.
You barely miss the killer bee.
The killer bee is moderately wounded.
The killer bee closely misses you.
You riposte.
You barely miss the killer bee.
The killer bee is heavily wounded.
The scorpion barely misses you. The killer bee barely misses you.
The killer bee closely misses you. The killer bee barely misses you.
The scorpion stings you.
* * * LOW HITPOINT WARNING * * *
You are more poisoned.
The scorpion poisons you!
* * * LOW HITPOINT WARNING * * *
You feel very sick. The killer bee misses you. The killer bee stings you.
* * * LOW HITPOINT WARNING * * *
The killer bee barely misses you. The scorpion barely misses you.
Unknown command.
You die...

##.........#
##..........## #
#............. ..
.###.##.......#
........###.....##
...........'######
....####..#....≈#
#####.####.##....≈#
#.....yy.@.##....≈#
.......sy####≈≈≈≈≈#
..(........ ######+
........[#..#
.........##...
.........# ##.#
......#### # .....#


You could see a scorpion and 3 killer bees.

Vanquished Creatures
  A killer bee (D:7)
  A centaur skeleton (D:4)
  An iguana (D:4)
  5 adders
  An ufetubus (D:4)
  A dart slug (D:1)
  2 bats (D:1)
  4 endoplasms
  4 giant cockroaches
  6 goblins
  3 hobgoblins
  3 jackals (D:1)
  2 quokkas (D:2)
  4 ball pythons
  2 frilled lizards
  6 kobolds
  5 rats
51 creatures vanquished.

Notes
Turn   | Place    | Note
-------+----------+-------------------------------------------
     0 | Abyss:1  | aSlayers the Draconian Abyssal Knight began the quest for
                  | the Orb.
     0 | Abyss:1  | Reached XP level 1. HP: 19/19 MP: 2/2
     2 | D:1      | Escaped the Abyss
    43 | D:1      | Reached * piety under Lugonu
   153 | D:1      | Reached XP level 2. HP: 27/27 MP: 3/3
   855 | D:2      | Reached XP level 3. HP: 31/33 MP: 4/4
  1109 | D:2      | Reached skill level 1 in Stealth
  1154 | D:2      | Found Weph's Armour Boutique.
  1411 | D:3      | Reached ** piety under Lugonu
  1412 | D:3      | Reached XP level 4. HP: 26/40 MP: 5/5
  2113 | D:3      | Found a faded altar of an unknown god.
  2521 | D:4      | Found Mucriac's Antique Weapon Emporium.
  2606 | D:4      | Reached XP level 5. HP: 38/46 MP: 6/6
  2646 | D:4      | You fall into a shaft and drop 3 floors!
  2697 | D:7      | HP: 1/46 [killer bee (6)]
  2698 | D:7      | Succumbed to a scorpion's poison

Illustrated notes

Levels and vault maps discovered:
D:1:      amcnicky_arrival_gap_in_the_tavern_cellar, layout_basic,
          chequers_serial_rivers_small_b, minmay_tetromino_l2
D:2:      layout_rooms, serial_shops, nicolae_square_shop
D:3:      layout_loops_ring, dreamdust_ecumenical_altar_angels_and_demons
D:4:      layout_basic, mainiacjoe_overflow_chevrons,
          mainiacjoe_overflow_alcove_4, serial_shops, shop
D:7:      layout_rooms, marbit_many_paths, serial_shops, nicolae_square_shop,
          minmay_hedge_maze, chequers_serial_rivers_room_a

Skill      XL: |  1  2  3  4  5 |
---------------+----------------+-----
Stealth        | 1 |  1.5
Long Blades    | 3 4 |  4.1
Fighting       | 4 |  4.1
Dodging        | 3 |  3.1
Invocations    | |  2.0

Action                   |  1- 3 |  4- 6 || total
-------------------------+-------+-------++-------
Melee: Falchion          |    69 |    83 ||   152
       Tailslap          |     4 |    15 ||    19
Invok: Depart the Abyss  |     1 |       ||     1
  Use: Scroll            |       |     6 ||     6
 Stab: Sleeping          |     1 |       ||     1
Armor: Skin              |    24 |    45 ||    69
Dodge: Dodged            |    66 |   102 ||   168
       Rpst.: Falchion   |    28 |    25 ||    53

Table legend: (Time is in decaauts)
 A = Elapsed time spent in this place.
 B = Non-inter-level travel time spent in this place.
 C = Inter-level travel time spent in this place.
 D = Time resting spent in this place.
 E = Time spent auto-exploring this place.
 F = Levels seen in this place.
 G = Mean time per level.
                   A        B        C        D        E       F      G
               +--------+--------+--------+--------+--------+-----+--------+
         Total |   2724 |   2724 |      0 |      0 |   2090 |   6 |  454.0 |
       Dungeon |   2722 |   2722 |      0 |      0 |   2090 |   5 |  544.4 |
         Abyss |      2 |      2 |      0 |      0 |      0 |   1 |    2.0 |
               +--------+--------+--------+--------+--------+-----+--------+

Top non-repeatable levels by time:
     D:3: 969 daAuts
     D:1: 853 daAuts
     D:2: 514 daAuts
     D:4: 332 daAuts
     D:7: 52 daAuts
 Abyss:1: 2 daAuts
